 Dungeon Crawl Stone Soup version 0.28-a0-258-g8de209e91f (webtiles) character file.

Game seed: 3119582773768216835

172 graki42 the Ducker (level 5, 0/55 HPs)
             Began as an Octopode Berserker on Aug 26, 2021.
             Was a Believer of Trog.
             Slain by Purgy (2 damage)
             ... in a sewer.
             The game lasted 00:05:43 (2819 turns).

graki42 the Ducker (Octopode Berserker)             Turns: 2819, Time: 00:05:44

Health: 0/55       AC:  1    Str: 16    XL:     5   Next: 52%
Magic:  5/5        EV: 14    Int: 10    God:    Trog [**....]
Gold:   152        SH:  0    Dex: 12    Spells: 4/4 levels left

rFire   . . .      SeeInvis .   o - +1 short sword (speed)
rCold   . . .      Faith    .   (no shield)
rNeg    + . .      Spirit   .   (helmet restricted)
rPois   .          Reflect  .   (no amulet)
rElec   .          Harm     .   f - ring of positive energy
rCorr   .          Rampage  .   (no ring)
Will    .....                   (no ring)
Stlth   ..........              (no ring)
HPRegen 0.18/turn               (no ring)
MPRegen 0.09/turn               (no ring)
                                (no ring)
                                (no ring)

@: berserking, studying Slings, very quick
A: almost no armour, amphibious, 8 rings, camouflage 1, gelatinous body 1,
(nimble swimmer 1), tentacles
a: Renounce Religion, Berserk, Trog's Hand


You were in a sewer.
You worshipped Trog.
Trog was pleased with you.
You visited 1 branch of the dungeon, and saw 3 of its levels.
You also visited: Sewer.

You collected 152 gold pieces.

Inventory:

Hand Weapons
 a - a +0 short sword
 c - a +1 dagger of flaming
 o - a +1 short sword of speed (weapon)
Missiles
 g - 10 poisoned darts (quivered)
 j - 104 stones
 k - 20 sling bullets
Armour
 l - a +0 tower shield
Jewellery
 f - a ring of positive energy (left tentacle)
Scrolls
 d - a scroll of teleportation {unknown}
 e - a scroll of immolation
 h - a scroll of enchant weapon
 r - a scroll of summoning
Potions
 b - a potion of curing {unknown}
 m - a potion of might {unknown}
 n - a potion of mutation {unknown}
 p - a potion of resistance {unknown}
 q - 2 potions of ambrosia {unknown}


   Skills:
 + Level 4.0 Fighting
 + Level 4.0 Short Blades
 - Level 0.1(0.4) Slings
 - Level 0.8 Throwing
 + Level 4.0 Dodging
 + Level 1.5 Shields


You had 4 spell levels left.
You didn't know any spells.
Your spell library contained the following spells:

 Spells                   Type           Power      Damage    Failure   Level
 Slow                     Hex            0%         N/A       50%         2
 Confusing Touch          Hex            0%         N/A       75%         3
 Yara's Violent Unravell  Hex/Tmut       0%         3d3       100%        5


Dungeon Overview and Level Annotations

Branches:
Dungeon (3/15)              Sewer (1/1)

Altars:
Nemelex Xobeh

Annotations:
Sewer Purgy


Innate Abilities, Weirdness & Mutations

You cannot wear most types of armour.
You are amphibious.
You can wear up to eight rings at the same time.
Your skin changes colour to match your surroundings (Stealth+).
Your rubbery body absorbs attacks. (AC +1, EV +1)
((You are camouflaged near water. (Stealth+)))
You have tentacles for arms and can constrict up to eight enemies at once.


Message History

Purgy is moderately wounded.
Unknown command.
You closely miss Purgy.
Purgy is moderately wounded.
Purgy barely misses you. x2; Purgy closely misses you.
You hit Purgy.
Purgy is heavily wounded.
Purgy completely misses you. Purgy claws you. Purgy barely misses you.
You closely miss Purgy. Your squeeze misses Purgy.
Purgy is heavily wounded.
Unknown command.
You barely miss Purgy.
Purgy is heavily wounded.
Purgy bites you!
* * * LOW HITPOINT WARNING * * *
Purgy closely misses you. Purgy claws you.
* * * LOW HITPOINT WARNING * * *
Unknown command.
It was a potion of berserk rage.
A red film seems to cover your vision as you go berserk!
You feel yourself moving faster!
You feel mighty! Purgy closely misses you. Purgy claws you.
* * * LOW HITPOINT WARNING * * *
Purgy claws you.
* * * LOW HITPOINT WARNING * * *
You barely miss Purgy.
Purgy is moderately wounded.
You hit Purgy.
Purgy is heavily wounded.
Purgy bites you.
* * * LOW HITPOINT WARNING * * *
Purgy misses you. Purgy claws you.
* * * LOW HITPOINT WARNING * * *
You closely miss Purgy.
Purgy is heavily wounded.
Unknown command.
You closely miss Purgy. You squeeze Purgy!
Purgy is almost dead.
Purgy bites you.
You die...

############
#∩##!##.##.#
#.##T##.##.#
#+##+##.##@##'##'#
.................#######
≈≈≈≈≈≈≈.≈≈≈≈≈≈≈≈≈#≈≈≈≈≈≈
≈≈≈≈≈≈≈∩≈≈≈≈≈≈≈≈≈#≈≈≈≈≈≈
≈≈≈≈≈≈≈.≈≈≈≈≈≈≈≈≈#≈≈≈≈≈≈
.................#######
#+##+##'##†##'##'#
#)##.##.##.#
#.##.##.##.#


You could see Purgy.

Vanquished Creatures
  Natasha (thrice) (D:2)
  4 adders
  2 worms
  A dart slug (D:1)
  An orc (D:3)
  6 ball pythons
  5 endoplasms
  A giant cockroach (D:2)
  7 hobgoblins
  2 jackals (D:3)
  4 quokkas
  4 bats
  2 frilled lizards (D:2)
  8 kobolds
  4 rats
54 creatures vanquished.

Vanquished Creatures (collateral kills)
  A ball python (D:3)
1 creature vanquished.

Vanquished Creatures (others)
  A plant (D:3)
1 creature vanquished.

Grand Total: 56 creatures vanquished

Notes
Turn   | Place    | Note
-------+----------+-------------------------------------------
     0 | D:1      | graki42 the Octopode Berserker began the quest for the Orb.
     0 | D:1      | Reached XP level 1. HP: 16/16 MP: 1/1
   443 | D:1      | Reached XP level 2. HP: 19/21 MP: 2/2
   880 | D:1      | Found a faded altar of an unknown god.
  1107 | D:1      | Reached XP level 3. HP: 26/26 MP: 3/3
  1244 | D:2      | Reached ** piety under Trog
  1743 | D:2      | Reached XP level 4. HP: 30/32 MP: 4/4
  1775 | D:2      | Noticed Natasha
  1781 | D:2      | Killed Natasha
  1973 | D:2      | Noticed Natasha
  1975 | D:2      | Found a sparkling altar of Nemelex Xobeh.
  1982 | D:2      | Killed Natasha
  1983 | D:2      | Reached skill level 1 in Shields
  1983 | D:2      | Reached XP level 5. HP: 24/37 MP: 5/5
  2019 | D:2      | Noticed Natasha
  2023 | D:2      | Killed Natasha
  2730 | D:3      | Found a glowing drain.
  2744 | Sewer    | Entered a sewer
  2801 | Sewer    | Noticed Purgy
  2817 | Sewer    | HP: 2/55 [Purgy (1)]
  2819 | Sewer    | Slain by Purgy

Illustrated notes

Levels and vault maps discovered:
D:1:      elethiomel_arrival_shortcut, layout_loops_corners,
          hellmonk_ecumenical_altar_blasted
D:2:      layout_basic, basic_altar, serial_rivers,
          chequers_serial_rivers_small_b, chequers_serial_rivers_large_b,
          chequers_serial_rivers_small_a, chequers_serial_rivers_micro_e,
          chequers_serial_rivers_micro_c, chequers_serial_rivers_room_b,
          uniq_natasha
D:3:      layout_rooms, minitemple, jmf_multi_god_temple,
          hellmonk_ghost_happy_afterlife, cheibrodos_sewer_entry_drain,
          minmay_misc_feat_diagonals, corexii_shack
Sewer:    kennysheep_door_sewer

Skill      XL: |  1  2  3  4  5 |
---------------+----------------+-----
Shields        | 1 |  1.5
Dodging        | 4 |  4.0
Fighting       | 4 |  4.0
Short Blades   | 4 |  4.0
Slings         | |  0.1
Throwing       | |  0.8

Action                   |  1- 3 |  4- 6 || total
-------------------------+-------+-------++-------
Melee: Short sword       |     7 |    50 ||    57
       Dagger            |    52 |    15 ||    67
       Constrict         |    14 |    14 ||    28
       Tentacles         |     9 |    13 ||    22
  Use: Scroll            |       |     3 ||     3
       Potion            |       |     1 ||     1
 Stab: Sleeping          |     4 |     4 ||     8
       Distracted        |     1 |       ||     1
Armor: Skin              |     2 |     5 ||     7
Dodge: Dodged            |    26 |    34 ||    60

Table legend: (Time is in decaauts)
 A = Elapsed time spent in this place.
 B = Non-inter-level travel time spent in this place.
 C = Inter-level travel time spent in this place.
 D = Time resting spent in this place.
 E = Time spent auto-exploring this place.
 F = Levels seen in this place.
 G = Mean time per level.
                   A        B        C        D        E       F      G
               +--------+--------+--------+--------+--------+-----+--------+
         Total |   2806 |   2629 |    177 |      0 |   2222 |   4 |  701.5 |
       Dungeon |   2739 |   2562 |    177 |      0 |   2178 |   3 |  913.0 |
         Sewer |     66 |     66 |      0 |      0 |     44 |   1 |   66.0 |
               +--------+--------+--------+--------+--------+-----+--------+

Top non-repeatable levels by time:
     D:1: 1351 daAuts
     D:2: 1324 daAuts
   Sewer: 66 daAuts
     D:3: 63 daAuts
